Red Wings vs Oilers
(R2)
Created - May 28, 2021 at 19:51
Goals
|
Red Wings |
1 |
1 |
1 |
3 |
Oilers |
1 |
1 |
3 |
5 |
|
Shots
|
Red Wings |
8 |
16 |
9 |
33 |
Oilers |
5 |
9 |
13 |
27 |
|
1st period
1. Oilers , James Neal 4 (Connor McDavid 3, Tobias Enstrom 4) at 13:09
2. Red Wings , Ryan O'Byrne 1 (Frans Nielsen 8, Connor Brown 6) at 15:52
Penalties :
Petr Pohl (Det) for Interference (Minor) at 1:27, Ole-Kristian Tollefsen (Det) for Tripping (Minor) at 13:12, Phil Kessel (EDM) for Goalie Interference (Minor) at 16:37
2nd period
3. Red Wings , Kris Versteeg 5 (Mike Richards 7) at 1:26 (PP)
4. Oilers , Nikolai Kulemin 1 (Rasmus Ristolainen 10, Pavel Buchnevich 1) at 19:27
Penalties :
Tobias Enstrom (EDM) for Hooking (Minor) at 1:25, Ole-Kristian Tollefsen (Det) for Hooking (Minor) at 3:50, Ryan O'Byrne (Det) for Tripping (Minor) at 11:39, James Neal (EDM) for Holding (Minor) at 15:51, Henrik Zetterberg (EDM) for Holding (Minor) at 19:51
3rd period
5. Oilers , Riley Sheahan 4 (Nikolai Kulemin 2) at 0:06 (SH)
6. Red Wings , Mike Richards 5 (Jiri Fischer 3, Kris Versteeg 4) at 1:07 (PP)
7. Oilers , Brandon Sutter 4 (Darnell Nurse 3, Phil Kessel 7) at 6:06
8. Oilers , Henrik Zetterberg 3 (Taylor Hall 7, Tobias Enstrom 5) at 19:47 (Empty Net)
Penalties :
Denis Grebeshkov (EDM) for Hooking (Minor) at 1:59, Pavel Buchnevich (EDM) for Hooking (Minor) at 10:48, Frans Nielsen (Det) for Tripping (Minor) at 12:18, Philip Samuelsson (Det) for Interference (Minor) at 19:50
Goalie Stats
Robin Lehner (Det), 22 saves from 26 shots - (0.846), L, 6-2-1, 59:23 minutes
James Reimer (EDM), 30 saves from 33 shots - (0.909), W, 8-3-1, 60:00 minutes
Players Stats for Red Wings
Player Name G A P +/- PIM S H SB GA TA FO MP PP MP PK MP
------------------------------------------------------------------------------------
Alex Picard 0 0 0 0 0 2 1 0 0 0 0/0 10:10 0:03 1:21
Carson Mcmillan 0 0 0 0 0 2 1 0 0 0 1/1 13:26 0:08 5:12
Chuck Kobasew 0 0 0 -1 0 3 1 1 0 0 0/0 10:44 0:00 3:00
Connor Brown 0 1 1 -2 0 1 1 0 1 0 0/0 17:00 4:54 0:00
Darroll Powe 0 0 0 -1 0 0 1 0 0 0 8/10 11:48 0:00 5:12
David Krejci 0 0 0 0 0 1 2 0 1 0 2/5 10:01 0:00 1:53
Frans Nielsen 0 1 1 0 2 1 2 0 0 0 9/18 18:25 3:46 2:28
Jakub Kindl 0 0 0 0 0 1 1 0 0 0 0/0 13:04 0:00 2:57
Jiri Fischer 0 1 1 0 0 1 0 1 0 0 0/0 20:04 3:04 4:28
Kellan Lain 0 0 0 0 0 0 1 0 3 0 0/2 15:20 3:47 0:00
Kris Versteeg 1 1 2 -3 0 7 3 0 1 1 0/0 19:25 4:54 0:02
Lasse Kukkonen 0 0 0 0 0 1 0 1 0 0 0/0 14:35 3:04 0:00
Marko Dano 0 0 0 -2 0 1 2 0 0 0 0/1 17:45 3:47 0:00
Mike Richards 1 1 2 -3 0 2 1 0 2 0 15/25 19:22 4:52 0:02
Ole-Kristian Tollefsen 0 0 0 -3 4 3 2 1 0 1 0/0 26:30 5:40 3:05
Petr Pohl 0 0 0 -1 2 1 0 0 0 0 0/0 6:40 0:00 0:00
Philip Samuelsson 0 0 0 -4 2 0 2 2 2 1 0/0 28:24 5:40 4:58
Ryan O'Byrne 1 0 1 0 2 6 1 0 0 1 0/0 17:07 0:00 3:42
Players Stats for Oilers
Player Name G A P +/- PIM S H SB GA TA FO MP PP MP PK MP
------------------------------------------------------------------------------------
Adam Larsson 0 0 0 1 0 0 4 3 0 3 0/0 22:12 0:33 5:14
Brandon Sutter 1 0 1 1 0 2 0 0 0 0 5/13 14:18 0:02 2:12
Connor McDavid 0 1 1 0 0 3 1 1 1 1 3/12 14:27 5:15 0:17
Darnell Nurse 0 1 1 2 0 0 0 0 1 0 0/0 20:59 5:45 4:54
Denis Grebeshkov 0 0 0 0 2 0 1 1 0 0 0/0 19:01 0:00 2:50
Henrik Zetterberg 1 0 1 1 2 3 1 0 1 0 13/25 21:52 4:18 4:21
James Neal 1 0 1 0 2 3 2 0 0 1 0/0 10:28 0:03 1:17
Jordan Eberle 0 0 0 1 0 3 3 1 0 0 2/3 20:00 4:13 2:12
Kevin Porter 0 0 0 1 0 2 1 0 0 0 2/4 7:35 0:00 0:00
Leon Draisaitl 0 0 0 1 0 1 1 0 0 0 0/0 15:41 4:15 0:00
Nikolai Kulemin 1 1 2 2 0 3 1 0 0 0 1/4 9:33 0:00 1:54
Oscar Klefbom 0 0 0 1 0 1 0 0 0 0 0/0 14:22 3:27 0:40
Pavel Buchnevich 0 1 1 1 2 0 0 0 0 0 0/0 7:36 0:02 0:00
Phil Kessel 0 1 1 1 2 1 2 0 0 0 1/1 16:05 4:56 0:00
Rasmus Ristolainen 0 1 1 2 0 1 0 1 0 2 0/0 21:14 5:35 0:00
Riley Sheahan 1 0 1 1 0 2 0 0 0 1 0/0 14:49 0:26 5:15
Taylor Hall 0 1 1 1 0 2 2 0 1 1 0/0 18:15 5:15 0:00
Tobias Enstrom 0 2 2 2 2 0 3 0 0 1 0/0 22:14 3:50 3:50
3 Stars
1 - Nikolai Kulemin (EDM)
2 - Tobias Enstrom (EDM)
3 - Riley Sheahan (EDM)
Power Play
Red Wings - 2 on 6 Attempt(s) - 33.33%
Oilers - 0 on 6 Attempt(s) - 0.00%
Penalty Kill
Red Wings - 6 on 6 Attempt(s) - 100.00%
- Score 0 goal in Penalty Kill
Oilers - 4 on 6 Attempt(s) - 66.67%
- Score 1 goal in Penalty Kill
Team Stat
Red Wings - Hits : 22 - Faceoff Wins : 35 - Blocked Shots : 6 - Penalty Minutes : 12
Oilers - Hits : 22 - Faceoff Wins : 27 - Blocked Shots : 7 - Penalty Minutes : 12
Official
Referees : Unknown
Linesman : Unknown
Game Notes
Henrik Zetterberg has scored in a empty net!
Finance
Level 1 -- Attendance: 6000 (100.00%) -- Ticket Income $660,000
Level 2 -- Attendance: 5000 (100.00%) -- Ticket Income $350,000
Level 3 -- Attendance: 2000 (100.00%) -- Ticket Income $92,000
Level 4 -- Attendance: 4000 (100.00%) -- Ticket Income $120,000
Luxury Box -- Attendance: 1000 (100.00%) -- Ticket Income $180,000
Game was played at the Rogers Arena.
Total Attendance: 18000 (100.00%)
Total Ticket Income: $1,402,000
Other Income: $210,300
Total Income: $1,612,300
Red Wings
5 vs 5 Forward
Center Left Wing Right Wing Time % Phy DF OF
1 Mike Richards Marko Dano Kris Versteeg 35 1 2 2
2 Frans Nielsen Kellan Lain Connor Brown 35 0 2 3
3 David Krejci Alex Picard Carson Mcmillan 20 1 2 2
4 Darroll Powe Chuck Kobasew Petr Pohl 10 1 2 2
5 vs 5 Defense
Defense Defense Time % Phy DF OF
1 Philip Samuelsson Ole-Kristian Tollefsen 40 1 2 2
2 Ryan O'Byrne Jiri Fischer 30 1 2 2
3 Lasse Kukkonen Jakub Kindl 20 1 2 2
4 Philip Samuelsson Ole-Kristian Tollefsen 10 1 2 2
PowerPlay Forward
Center Left Wing Right Wing Time % Phy DF OF
1 Mike Richards Kris Versteeg Connor Brown 60 1 2 2
2 Frans Nielsen Marko Dano Kellan Lain 40 1 2 2
PowerPlay Defense
Defense Defense Time % Phy DF OF
1 Philip Samuelsson Ole-Kristian Tollefsen 60 1 2 2
2 Lasse Kukkonen Jiri Fischer 40 1 2 2
Penalty Kill 4 Players Forward
Center Wing Time % Phy DF OF
1 Darroll Powe Carson Mcmillan 60 1 2 2
2 Frans Nielsen Chuck Kobasew 40 1 2 2
Penalty Kill 4 Players Defense
Defense Defense Time % Phy DF OF
1 Philip Samuelsson Ole-Kristian Tollefsen 60 1 2 2
2 Ryan O'Byrne Jiri Fischer 40 1 2 2
Penalty Kill - 3 Players Forward
Forward Time % Phy DF OF
1 Carson Mcmillan 60 1 2 2
2 Kris Versteeg 40 1 2 2
Penalty Kill - 3 Players Defense
Defense Defense Time % Phy DF OF
1 Philip Samuelsson Ole-Kristian Tollefsen 60 1 2 2
2 Ryan O'Byrne Jiri Fischer 40 1 2 2
4 vs 4 Forward
Center Wing Time % Phy DF OF
1 Mike Richards Kris Versteeg 60 1 2 2
2 Connor Brown Marko Dano 40 1 2 2
4 vs 4 Defense
Defense Defense Time % Phy DF OF
1 Philip Samuelsson Ole-Kristian Tollefsen 60 1 2 2
2 Ryan O'Byrne Jiri Fischer 40 1 2 2
Last Minutes Offensive
Center Left Wing Right Wing Defense Defense
Mike Richards Marko Dano Kris Versteeg Philip Samuelsson Connor Brown
Last Minutes Defensive
Center Left Wing Right Wing Defense Defense
Frans Nielsen Kris Versteeg Carson Mcmillan Philip Samuelsson Ole-Kristian Tollefsen
Goaltenders
Starting : Robin Lehner
Backup : Josh Harding
Extra Forwards
Normal : Carson Mcmillan, Alex Picard, David Krejci - PP : Carson Mcmillan, Alex Picard - PK : David Krejci
Extra Defensemen
Normal : Lasse Kukkonen, Jakub Kindl, Ryan O'Byrne - PP : Ryan O'Byrne - PK : Jakub Kindl, Ryan O'Byrne
Penalty Shots
Kris Versteeg, Mike Richards, Marko Dano, Carson Mcmillan, Alex Picard
Scratches
Matt Greene (Healthy), Michael Haley (Healthy)
Oilers
5 vs 5 Forward
Center Left Wing Right Wing Time % Phy DF OF
1 Henrik Zetterberg Taylor Hall Jordan Eberle 40 1 2 2
2 Brandon Sutter Leon Draisaitl Phil Kessel 30 1 2 2
3 Connor McDavid James Neal Riley Sheahan 20 1 2 2
4 Kevin Porter Nikolai Kulemin Pavel Buchnevich 10 1 2 2
5 vs 5 Defense
Defense Defense Time % Phy DF OF
1 Adam Larsson Rasmus Ristolainen 40 1 2 2
2 Tobias Enstrom Denis Grebeshkov 30 1 2 2
3 Darnell Nurse Oscar Klefbom 20 1 2 2
4 Adam Larsson Denis Grebeshkov 10 1 2 2
PowerPlay Forward
Center Left Wing Right Wing Time % Phy DF OF
1 Connor McDavid Taylor Hall Phil Kessel 60 1 2 2
2 Henrik Zetterberg Leon Draisaitl Jordan Eberle 40 1 2 2
PowerPlay Defense
Defense Defense Time % Phy DF OF
1 Darnell Nurse Rasmus Ristolainen 60 1 2 2
2 Oscar Klefbom Tobias Enstrom 40 1 2 2
Penalty Kill 4 Players Forward
Center Wing Time % Phy DF OF
1 Henrik Zetterberg Riley Sheahan 60 1 2 2
2 Brandon Sutter Jordan Eberle 40 1 2 2
Penalty Kill 4 Players Defense
Defense Defense Time % Phy DF OF
1 Adam Larsson Darnell Nurse 60 1 2 2
2 Denis Grebeshkov Tobias Enstrom 40 1 2 2
Penalty Kill - 3 Players Forward
Forward Time % Phy DF OF
1 Henrik Zetterberg 60 1 2 2
2 Jordan Eberle 40 1 2 2
Penalty Kill - 3 Players Defense
Defense Defense Time % Phy DF OF
1 Tobias Enstrom Rasmus Ristolainen 60 1 2 2
2 Darnell Nurse Denis Grebeshkov 40 1 2 2
4 vs 4 Forward
Center Wing Time % Phy DF OF
1 Brandon Sutter Jordan Eberle 60 1 2 2
2 Henrik Zetterberg Riley Sheahan 40 1 2 2
4 vs 4 Defense
Defense Defense Time % Phy DF OF
1 Tobias Enstrom Rasmus Ristolainen 60 1 2 2
2 Darnell Nurse Denis Grebeshkov 40 1 2 2
Last Minutes Offensive
Center Left Wing Right Wing Defense Defense
Henrik Zetterberg Taylor Hall Jordan Eberle Tobias Enstrom Rasmus Ristolainen
Last Minutes Defensive
Center Left Wing Right Wing Defense Defense
Henrik Zetterberg Taylor Hall Jordan Eberle Tobias Enstrom Rasmus Ristolainen
Goaltenders
Starting : James Reimer
Backup : Jonas Gustavsson
Extra Forwards
Normal : Leon Draisaitl, Connor McDavid, Nikolai Kulemin - PP : Leon Draisaitl, Connor McDavid - PK : Nikolai Kulemin
Extra Defensemen
Normal : Adam Larsson, Oscar Klefbom, Darnell Nurse - PP : Adam Larsson - PK : Oscar Klefbom, Darnell Nurse
Penalty Shots
Taylor Hall, Jordan Eberle, Phil Kessel, Riley Sheahan, Henrik Zetterberg
Scratches
Anton Volchenkov (Healthy), Jordan Caron (Healthy), Mike Smith (Healthy)
% Time on Ice - Red Wings
Lines # - Real PCT - Wanted PCT - Time Play
Normal Forward
1 - 34% - 35% - 13:50
2 - 32% - 35% - 13:02
3 - 19% - 20% - 7:34
4 - 15% - 10% - 6:15
Normal Defense
1 - 42% - 40% - 16:55
2 - 32% - 30% - 13:13
3 - 25% - 20% - 10:15
4 - 1% - 10% - 0:18
PP Forward
1 - 57% - 60% - 4:57
2 - 43% - 40% - 3:47
PP Defense
1 - 65% - 60% - 5:40
2 - 35% - 40% - 3:04
PK Forward
1 - 69% - 60% - 6:35
2 - 31% - 40% - 3:00
PK Defense
1 - 59% - 60% - 5:41
2 - 41% - 40% - 3:54
PK3 Forward
1 - 0% - 60%
2 - 0% - 40%
PK3 Defense
1 - 0% - 60%
2 - 0% - 40%
44 Forward
1 - 100% - 60% - 0:29
2 - 0% - 40% - 0:00
44 Defense
1 - 100% - 60% - 0:29
2 - 0% - 40% - 0:00
Last Minute Offensive - 0:31
Last Minute Defensive - 0:00
Total
Forward - 60:00
Defense - 60:00
|
% Time on Ice - Oilers
Lines # - Real PCT - Wanted PCT - Time Play
Normal Forward
1 - 30% - 40% - 12:17
2 - 28% - 30% - 11:26
3 - 22% - 20% - 9:00
4 - 19% - 10% - 7:35
Normal Defense
1 - 37% - 40% - 14:51
2 - 33% - 30% - 13:12
3 - 21% - 20% - 8:38
4 - 9% - 10% - 3:37
PP Forward
1 - 55% - 60% - 5:17
2 - 45% - 40% - 4:18
PP Defense
1 - 64% - 60% - 6:08
2 - 36% - 40% - 3:27
PK Forward
1 - 75% - 60% - 6:32
2 - 25% - 40% - 2:12
PK Defense
1 - 56% - 60% - 4:54
2 - 44% - 40% - 3:50
PK3 Forward
1 - 0% - 60%
2 - 0% - 40%
PK3 Defense
1 - 0% - 60%
2 - 0% - 40%
44 Forward
1 - 100% - 60% - 0:29
2 - 0% - 40% - 0:00
44 Defense
1 - 100% - 60% - 0:29
2 - 0% - 40% - 0:00
Last Minute Offensive - 0:00
Last Minute Defensive - 0:54
Total
Forward - 60:00
Defense - 60:00
|
Play-by-Play
1st period
0:01 of 1st period - Henrik Zetterberg wins face-off versus Mike Richards in neutral zone.
0:59 of 1st period - Slapshot by Alex Picard.
0:59 of 1st period - Stopped by James Reimer with a rebound.
1:11 of 1st period - Tobias Enstrom is hit by Chuck Kobasew.
1:19 of 1st period - Snap shot by Kevin Porter.
1:19 of 1st period - Shot Blocked by Jiri Fischer.
1:21 of 1st period - Slapshot by Denis Grebeshkov.
1:21 of 1st period - Shot Blocked by Chuck Kobasew.
1:27 of 1st period - Minor Penalty to Petr Pohl for Interference.
1:28 of 1st period - Darroll Powe wins face-off versus Connor McDavid in Red Wings zone.
3:27 of 1st period - Penalty to Petr Pohl is over, Petr Pohl is back on ice.
3:46 of 1st period - Slapshot by Frans Nielsen.
3:46 of 1st period - Shot Blocked by Adam Larsson.
5:18 of 1st period - Riley Sheahan is hit by Mike Richards and loses puck.
6:00 of 1st period - Ole-Kristian Tollefsen is hit by Nikolai Kulemin and loses puck.
6:17 of 1st period - Ole-Kristian Tollefsen is hit by Tobias Enstrom.
6:29 of 1st period - Jiri Fischer is hit by Tobias Enstrom and loses puck.
6:52 of 1st period - Phil Kessel is hit by David Krejci and loses puck.
7:23 of 1st period - Ole-Kristian Tollefsen is hit by Adam Larsson and loses puck.
7:58 of 1st period - Kellan Lain is hit by Phil Kessel.
8:16 of 1st period - Lasse Kukkonen is hit by Jordan Eberle and loses puck.
8:35 of 1st period - Wrist shot by Alex Picard.
8:35 of 1st period - Stopped by James Reimer without a rebound.
8:36 of 1st period - Henrik Zetterberg wins face-off versus Mike Richards in Oilers zone.
8:53 of 1st period - Kris Versteeg is hit by Denis Grebeshkov and loses puck.
9:01 of 1st period - Icing by Jiri Fischer.
9:02 of 1st period - David Krejci wins face-off versus Brandon Sutter in Red Wings zone.
11:00 of 1st period - Snap shot by Taylor Hall.
11:00 of 1st period - Shot Misses the Net.
11:02 of 1st period - Wrist shot by Henrik Zetterberg.
11:02 of 1st period - Stopped by Robin Lehner without a rebound.
11:03 of 1st period - Henrik Zetterberg wins face-off versus Frans Nielsen in Red Wings zone.
11:24 of 1st period - Rasmus Ristolainen is hit by Connor Brown and loses puck.
11:53 of 1st period - Snap shot by Marko Dano.
11:53 of 1st period - Stopped by James Reimer without a rebound.
11:54 of 1st period - Henrik Zetterberg wins face-off versus Marko Dano in Oilers zone.
12:42 of 1st period - Icing by Riley Sheahan.
12:43 of 1st period - Darroll Powe wins face-off versus Connor McDavid in Oilers zone.
12:51 of 1st period - Icing by Tobias Enstrom.
12:52 of 1st period - Connor McDavid wins face-off versus Frans Nielsen in Oilers zone.
13:09 of 1st period - Slapshot by James Neal.
13:09 of 1st period - Goal by James Neal - Red Wings : 0 - Oilers : 1.
13:10 of 1st period - Mike Richards wins face-off versus Henrik Zetterberg in neutral zone.
13:12 of 1st period - Minor Penalty to Ole-Kristian Tollefsen for Tripping.
13:13 of 1st period - Darroll Powe wins face-off versus Connor McDavid in Red Wings zone.
15:12 of 1st period - Penalty to Ole-Kristian Tollefsen is over, Ole-Kristian Tollefsen is back on ice.
15:42 of 1st period - Backhand shot by Rasmus Ristolainen.
15:42 of 1st period - Deflect By Nikolai Kulemin.
15:42 of 1st period - Shot Misses the Net.
15:42 of 1st period - Puck is out of play.
15:43 of 1st period - Frans Nielsen wins face-off versus Connor McDavid in Red Wings zone.
15:48 of 1st period - Slapshot by Connor Brown.
15:48 of 1st period - Shot Misses the Net.
15:50 of 1st period - Snap shot by Frans Nielsen.
15:50 of 1st period - Shot Misses the Net.
15:52 of 1st period - Snap shot by Ryan O'Byrne.
15:52 of 1st period - Deflect By Connor McDavid.
15:52 of 1st period - Goal by Ryan O'Byrne - Red Wings : 1 - Oilers : 1.
15:53 of 1st period - Henrik Zetterberg wins face-off versus Mike Richards in neutral zone.
16:00 of 1st period - Wrist shot by Jordan Eberle.
16:00 of 1st period - Stopped by Robin Lehner without a rebound.
16:01 of 1st period - Mike Richards wins face-off versus Henrik Zetterberg in Red Wings zone.
16:20 of 1st period - Snap shot by Marko Dano.
16:20 of 1st period - Shot Misses the Net.
16:26 of 1st period - Wrist shot by Kris Versteeg.
16:26 of 1st period - Stopped by James Reimer without a rebound.
16:27 of 1st period - Frans Nielsen wins face-off versus Brandon Sutter in Oilers zone.
16:30 of 1st period - Wrist shot by Frans Nielsen.
16:30 of 1st period - Shot Misses the Net.
16:32 of 1st period - Slapshot by Ryan O'Byrne.
16:32 of 1st period - Stopped by James Reimer with a rebound.
16:34 of 1st period - Wrist shot by Frans Nielsen.
16:34 of 1st period - Deflect By Connor Brown.
16:34 of 1st period - Stopped by James Reimer without a rebound.
16:35 of 1st period - Brandon Sutter wins face-off versus Frans Nielsen in Oilers zone.
16:37 of 1st period - Minor Penalty to Phil Kessel for Goalie Interference.
16:38 of 1st period - Henrik Zetterberg wins face-off versus Mike Richards in Oilers zone.
18:37 of 1st period - Penalty to Phil Kessel is over, Phil Kessel is back on ice.
18:51 of 1st period - Snap shot by Petr Pohl.
18:51 of 1st period - Shot Misses the Net.
18:53 of 1st period - Slapshot by Ryan O'Byrne.
18:53 of 1st period - Deflect By Chuck Kobasew.
18:53 of 1st period - Stopped by James Reimer without a rebound.
18:54 of 1st period - Brandon Sutter wins face-off versus David Krejci in Oilers zone.
19:23 of 1st period - Wrist shot by Pavel Buchnevich.
19:23 of 1st period - Shot Misses the Net.
19:25 of 1st period - Wrist shot by Kevin Porter.
19:25 of 1st period - Stopped by Robin Lehner with a rebound.
19:27 of 1st period - Snap shot by Kevin Porter.
19:27 of 1st period - Stopped by Robin Lehner without a rebound.
19:28 of 1st period - Frans Nielsen wins face-off versus Brandon Sutter in Red Wings zone.
19:54 of 1st period - Marko Dano is hit by Jordan Eberle and loses puck.
Goals for this period are 1 for Red Wings vs 1 for Oilers.
Shots for this period are 8 for Red Wings vs 5 for Oilers.
2nd period
0:01 of 2nd period - Henrik Zetterberg wins face-off versus Frans Nielsen in neutral zone.
0:04 of 2nd period - Slapshot by Rasmus Ristolainen.
0:04 of 2nd period - Shot Blocked by Philip Samuelsson.
0:16 of 2nd period - Snap shot by Frans Nielsen.
0:16 of 2nd period - Shot Misses the Net.
0:26 of 2nd period - Henrik Zetterberg is hit by Alex Picard.
0:36 of 2nd period - Henrik Zetterberg is hit by Ole-Kristian Tollefsen and loses puck.
0:53 of 2nd period - Snap shot by Kris Versteeg.
0:53 of 2nd period - Shot Hit the Post.
0:55 of 2nd period - Slapshot by Jakub Kindl.
0:55 of 2nd period - Stopped by James Reimer with a rebound.
0:57 of 2nd period - Snap shot by Lasse Kukkonen.
0:57 of 2nd period - Stopped by James Reimer with a rebound.
0:59 of 2nd period - Snap shot by Kris Versteeg.
0:59 of 2nd period - Shot Misses the Net.
1:11 of 2nd period - Chuck Kobasew is hit by Connor McDavid and loses puck.
1:25 of 2nd period - Minor Penalty to Tobias Enstrom for Hooking.
1:26 of 2nd period - Mike Richards wins face-off versus Henrik Zetterberg in Oilers zone.
1:26 of 2nd period - Wrist shot by Kris Versteeg.
1:26 of 2nd period - Goal by Kris Versteeg - Red Wings : 2 - Oilers : 1.
1:27 of 2nd period - Henrik Zetterberg wins face-off versus Kellan Lain in neutral zone.
2:05 of 2nd period - Wrist shot by Kris Versteeg.
2:05 of 2nd period - Stopped by James Reimer with a rebound.
2:19 of 2nd period - James Neal is hit by Darroll Powe and loses puck.
2:44 of 2nd period - Snap shot by Nikolai Kulemin.
2:44 of 2nd period - Shot Blocked by Lasse Kukkonen.
2:46 of 2nd period - Wrist shot by Kevin Porter.
2:46 of 2nd period - Shot Misses the Net.
2:48 of 2nd period - Snap shot by Nikolai Kulemin.
2:48 of 2nd period - Shot Misses the Net.
2:58 of 2nd period - Denis Grebeshkov is hit by Frans Nielsen and loses puck.
3:07 of 2nd period - Slapshot by Oscar Klefbom.
3:07 of 2nd period - Stopped by Robin Lehner without a rebound.
3:08 of 2nd period - Mike Richards wins face-off versus Brandon Sutter in Red Wings zone.
3:42 of 2nd period - Tobias Enstrom is hit by Philip Samuelsson and loses puck.
3:50 of 2nd period - Minor Penalty to Ole-Kristian Tollefsen for Hooking.
3:51 of 2nd period - Darroll Powe wins face-off versus Connor McDavid in Red Wings zone.
4:43 of 2nd period - Leon Draisaitl is hit by Jakub Kindl and loses puck.
5:50 of 2nd period - Penalty to Ole-Kristian Tollefsen is over, Ole-Kristian Tollefsen is back on ice.
5:58 of 2nd period - Wrist shot by Ole-Kristian Tollefsen.
5:58 of 2nd period - Stopped by James Reimer without a rebound.
5:59 of 2nd period - Kevin Porter wins face-off versus Mike Richards in Oilers zone.
6:14 of 2nd period - Pavel Buchnevich is hit by Marko Dano and loses puck.
6:25 of 2nd period - Frans Nielsen is hit by James Neal and loses puck.
7:35 of 2nd period - Snap shot by Riley Sheahan.
7:35 of 2nd period - Shot Misses the Net.
7:40 of 2nd period - Icing by Marko Dano.
7:41 of 2nd period - Mike Richards wins face-off versus Henrik Zetterberg in Red Wings zone.
8:02 of 2nd period - Slapshot by Mike Richards.
8:02 of 2nd period - Shot Misses the Net.
8:04 of 2nd period - Slapshot by Ryan O'Byrne.
8:04 of 2nd period - Stopped by James Reimer with a rebound.
8:06 of 2nd period - Slapshot by Mike Richards.
8:06 of 2nd period - Shot Misses the Net.
8:08 of 2nd period - Wrist shot by Mike Richards.
8:08 of 2nd period - Deflect By Kris Versteeg.
8:08 of 2nd period - Stopped by James Reimer without a rebound.
8:09 of 2nd period - Frans Nielsen wins face-off versus Brandon Sutter in Oilers zone.
8:36 of 2nd period - David Krejci is hit by Adam Larsson and loses puck.
9:16 of 2nd period - Icing by Kris Versteeg.
9:17 of 2nd period - Mike Richards wins face-off versus Kevin Porter in Red Wings zone.
9:50 of 2nd period - Slapshot by Mike Richards.
9:50 of 2nd period - Shot Blocked by Adam Larsson.
9:52 of 2nd period - Slapshot by Jiri Fischer.
9:52 of 2nd period - Stopped by James Reimer without a rebound.
9:53 of 2nd period - Frans Nielsen wins face-off versus Henrik Zetterberg in Oilers zone.
10:08 of 2nd period - Wrist shot by Connor Brown.
10:08 of 2nd period - Shot Blocked by Jordan Eberle.
10:18 of 2nd period - Slapshot by Kris Versteeg.
10:18 of 2nd period - Shot Misses the Net.
10:24 of 2nd period - Wrist shot by Kris Versteeg.
10:24 of 2nd period - Stopped by James Reimer without a rebound.
10:25 of 2nd period - Jordan Eberle wins face-off versus Mike Richards in Oilers zone.
10:57 of 2nd period - Connor Brown is hit by Leon Draisaitl and loses puck.
11:02 of 2nd period - Snap shot by Leon Draisaitl.
11:02 of 2nd period - Stopped by Robin Lehner with a rebound.
11:04 of 2nd period - Wrist shot by Phil Kessel.
11:04 of 2nd period - Stopped by Robin Lehner with a rebound.
11:18 of 2nd period - Slapshot by Connor McDavid.
11:18 of 2nd period - Stopped by Robin Lehner with a rebound.
11:39 of 2nd period - Minor Penalty to Ryan O'Byrne for Tripping.
11:40 of 2nd period - Darroll Powe wins face-off versus Connor McDavid in Red Wings zone.
11:48 of 2nd period - Snap shot by Taylor Hall.
11:48 of 2nd period - Stopped by Robin Lehner with a rebound.
12:03 of 2nd period - Icing by Rasmus Ristolainen.
12:04 of 2nd period - Darroll Powe wins face-off versus Connor McDavid in Oilers zone.
12:37 of 2nd period - Snap shot by Rasmus Ristolainen.
12:37 of 2nd period - Deflect By Henrik Zetterberg.
12:37 of 2nd period - Stopped by Robin Lehner with a rebound.
13:39 of 2nd period - Penalty to Ryan O'Byrne is over, Ryan O'Byrne is back on ice.
13:54 of 2nd period - Kevin Porter is hit by Ryan O'Byrne and loses puck.
14:30 of 2nd period - Lasse Kukkonen is hit by Adam Larsson and loses puck.
14:49 of 2nd period - Snap shot by Petr Pohl.
14:49 of 2nd period - Shot Blocked by Adam Larsson.
14:51 of 2nd period - Wrist shot by Darroll Powe.
14:51 of 2nd period - Shot Misses the Net.
14:53 of 2nd period - Snap shot by Chuck Kobasew.
14:53 of 2nd period - Stopped by James Reimer without a rebound.
14:54 of 2nd period - Jordan Eberle wins face-off versus Kellan Lain in Oilers zone.
15:26 of 2nd period - Snap shot by Mike Richards.
15:26 of 2nd period - Stopped by James Reimer with a rebound.
15:28 of 2nd period - Snap shot by Mike Richards.
15:28 of 2nd period - Shot Misses the Net.
15:51 of 2nd period - Minor Penalty to James Neal for Holding.
15:52 of 2nd period - Mike Richards wins face-off versus Henrik Zetterberg in Oilers zone.
16:07 of 2nd period - Henrik Zetterberg is hit by Kris Versteeg and loses puck.
16:24 of 2nd period - Wrist shot by Jordan Eberle.
16:24 of 2nd period - Stopped by Robin Lehner without a rebound.
16:25 of 2nd period - Brandon Sutter wins face-off versus Mike Richards in Red Wings zone.
16:55 of 2nd period - Wrist shot by Riley Sheahan.
16:55 of 2nd period - Shot Misses the Net.
17:01 of 2nd period - Slapshot by Ole-Kristian Tollefsen.
17:01 of 2nd period - Stopped by James Reimer with a rebound.
17:03 of 2nd period - Slapshot by Ole-Kristian Tollefsen.
17:03 of 2nd period - Stopped by James Reimer without a rebound.
17:04 of 2nd period - Mike Richards wins face-off versus Henrik Zetterberg in Oilers zone.
17:33 of 2nd period - Slapshot by Frans Nielsen.
17:33 of 2nd period - Stopped by James Reimer without a rebound.
17:34 of 2nd period - Frans Nielsen wins face-off versus Brandon Sutter in Oilers zone.
17:51 of 2nd period - Penalty to James Neal is over, James Neal is back on ice.
18:01 of 2nd period - Darnell Nurse is hit by David Krejci and loses puck.
18:06 of 2nd period - Snap shot by David Krejci.
18:06 of 2nd period - Shot Misses the Net.
18:08 of 2nd period - Slapshot by Carson Mcmillan.
18:08 of 2nd period - Stopped by James Reimer without a rebound.
18:09 of 2nd period - Frans Nielsen wins face-off versus Brandon Sutter in Oilers zone.
18:38 of 2nd period - Snap shot by Marko Dano.
18:38 of 2nd period - Shot Misses the Net.
18:44 of 2nd period - Philip Samuelsson is hit by Henrik Zetterberg and loses puck.
18:59 of 2nd period - Wrist shot by David Krejci.
18:59 of 2nd period - Shot Blocked by Connor McDavid.
19:01 of 2nd period - Snap shot by Carson Mcmillan.
19:01 of 2nd period - Stopped by James Reimer with a rebound.
19:03 of 2nd period - Snap shot by Alex Picard.
19:03 of 2nd period - Shot Misses the Net.
19:21 of 2nd period - Snap shot by Pavel Buchnevich.
19:21 of 2nd period - Shot Misses the Net.
19:25 of 2nd period - Wrist shot by Nikolai Kulemin.
19:25 of 2nd period - Stopped by Robin Lehner with a rebound.
19:27 of 2nd period - Snap shot by Nikolai Kulemin.
19:27 of 2nd period - Goal by Nikolai Kulemin - Red Wings : 2 - Oilers : 2.
19:28 of 2nd period - Henrik Zetterberg wins face-off versus Frans Nielsen in neutral zone.
19:28 of 2nd period - Henrik Zetterberg is hit by Frans Nielsen.
19:37 of 2nd period - Ryan O'Byrne is hit by Jordan Eberle.
19:51 of 2nd period - Minor Penalty to Henrik Zetterberg for Holding.
19:52 of 2nd period - Mike Richards wins face-off versus Nikolai Kulemin in Oilers zone.
Goals for this period are 1 for Red Wings vs 1 for Oilers.
Shots for this period are 16 for Red Wings vs 9 for Oilers.
3rd period
0:01 of 3rd period - Nikolai Kulemin wins face-off versus Mike Richards in neutral zone.
0:06 of 3rd period - Wrist shot by Riley Sheahan.
0:06 of 3rd period - Goal by Riley Sheahan - Red Wings : 2 - Oilers : 3.
0:07 of 3rd period - Mike Richards wins face-off versus Nikolai Kulemin in neutral zone.
0:53 of 3rd period - Off-side.
0:54 of 3rd period - Mike Richards wins face-off versus Nikolai Kulemin in neutral zone.
1:05 of 3rd period - Snap shot by Mike Richards.
1:05 of 3rd period - Shot Blocked by Denis Grebeshkov.
1:07 of 3rd period - Slapshot by Jiri Fischer.
1:07 of 3rd period - Deflect By Mike Richards.
1:07 of 3rd period - Goal by Mike Richards - Red Wings : 3 - Oilers : 3.
1:08 of 3rd period - Henrik Zetterberg wins face-off versus Frans Nielsen in neutral zone.
1:24 of 3rd period - Icing by Adam Larsson.
1:25 of 3rd period - Mike Richards wins face-off versus Henrik Zetterberg in Oilers zone.
1:26 of 3rd period - Slapshot by Kris Versteeg.
1:26 of 3rd period - Stopped by James Reimer with a rebound.
1:32 of 3rd period - Slapshot by Kris Versteeg.
1:32 of 3rd period - Shot Blocked by Rasmus Ristolainen.
1:51 of 3rd period - Henrik Zetterberg is hit by Kris Versteeg and loses puck.
1:56 of 3rd period - Snap shot by Kris Versteeg.
1:56 of 3rd period - Deflect By Mike Richards.
1:56 of 3rd period - Shot Misses the Net.
1:56 of 3rd period - Puck is out of play.
1:57 of 3rd period - Brandon Sutter wins face-off versus Frans Nielsen in Oilers zone.
1:59 of 3rd period - Minor Penalty to Denis Grebeshkov for Hooking.
2:00 of 3rd period - Mike Richards wins face-off versus Henrik Zetterberg in Oilers zone.
3:55 of 3rd period - Mike Richards is hit by James Neal and loses puck.
3:59 of 3rd period - Penalty to Denis Grebeshkov is over, Denis Grebeshkov is back on ice.
4:08 of 3rd period - Jiri Fischer is hit by Phil Kessel and loses puck.
4:26 of 3rd period - Off-side.
4:27 of 3rd period - Darroll Powe wins face-off versus Henrik Zetterberg in neutral zone.
4:38 of 3rd period - Snap shot by Petr Pohl.
4:38 of 3rd period - Stopped by James Reimer without a rebound.
4:39 of 3rd period - Phil Kessel wins face-off versus David Krejci in Oilers zone.
4:39 of 3rd period - Phil Kessel is hit by Ole-Kristian Tollefsen.
5:22 of 3rd period - Snap shot by Leon Draisaitl.
5:22 of 3rd period - Shot Blocked by Philip Samuelsson.
6:06 of 3rd period - Snap shot by Brandon Sutter.
6:06 of 3rd period - Goal by Brandon Sutter - Red Wings : 3 - Oilers : 4.
6:07 of 3rd period - Henrik Zetterberg wins face-off versus Frans Nielsen in neutral zone.
6:25 of 3rd period - Connor Brown is hit by Taylor Hall and loses puck.
6:46 of 3rd period - Wrist shot by Connor McDavid.
6:46 of 3rd period - Stopped by Robin Lehner without a rebound.
6:47 of 3rd period - Connor McDavid wins face-off versus Darroll Powe in Red Wings zone.
7:40 of 3rd period - Off-side.
7:41 of 3rd period - Mike Richards wins face-off versus Henrik Zetterberg in neutral zone.
7:43 of 3rd period - Philip Samuelsson is hit by Tobias Enstrom and loses puck.
7:48 of 3rd period - Snap shot by Kris Versteeg.
7:48 of 3rd period - Stopped by James Reimer with a rebound.
8:38 of 3rd period - Snap shot by David Krejci.
8:38 of 3rd period - Stopped by James Reimer with a rebound.
8:40 of 3rd period - Slapshot by Ryan O'Byrne.
8:40 of 3rd period - Stopped by James Reimer with a rebound.
9:16 of 3rd period - Snap shot by James Neal.
9:16 of 3rd period - Stopped by Robin Lehner with a rebound.
9:28 of 3rd period - Wrist shot by Connor McDavid.
9:28 of 3rd period - Stopped by Robin Lehner with a rebound.
9:42 of 3rd period - Backhand shot by James Neal.
9:42 of 3rd period - Stopped by Robin Lehner with a rebound.
9:44 of 3rd period - Snap shot by Riley Sheahan.
9:44 of 3rd period - Stopped by Robin Lehner with a rebound.
9:46 of 3rd period - Snap shot by Denis Grebeshkov.
9:46 of 3rd period - Deflect By Connor McDavid.
9:46 of 3rd period - Shot Misses the Net.
9:46 of 3rd period - Puck is out of play.
9:47 of 3rd period - Frans Nielsen wins face-off versus Henrik Zetterberg in Red Wings zone.
10:04 of 3rd period - Wrist shot by Henrik Zetterberg.
10:04 of 3rd period - Shot Hit the Post.
10:14 of 3rd period - Phil Kessel is hit by Kris Versteeg and loses puck.
10:37 of 3rd period - Slapshot by Rasmus Ristolainen.
10:37 of 3rd period - Stopped by Robin Lehner without a rebound.
10:38 of 3rd period - Carson Mcmillan wins face-off versus Kevin Porter in Red Wings zone.
10:48 of 3rd period - Minor Penalty to Pavel Buchnevich for Hooking.
10:49 of 3rd period - Henrik Zetterberg wins face-off versus Mike Richards in Oilers zone.
11:14 of 3rd period - Adam Larsson is hit by Philip Samuelsson and loses puck.
12:13 of 3rd period - Icing by Marko Dano.
12:14 of 3rd period - Brandon Sutter wins face-off versus Frans Nielsen in Red Wings zone.
12:15 of 3rd period - Slapshot by Jordan Eberle.
12:15 of 3rd period - Stopped by Robin Lehner without a rebound.
12:16 of 3rd period - Frans Nielsen wins face-off versus Jordan Eberle in Red Wings zone.
12:18 of 3rd period - Minor Penalty to Frans Nielsen for Tripping.
12:19 of 3rd period - Mike Richards wins face-off versus Brandon Sutter in Red Wings zone.
12:23 of 3rd period - Wrist shot by Jordan Eberle.
12:23 of 3rd period - Shot Misses the Net.
12:33 of 3rd period - Snap shot by Brandon Sutter.
12:33 of 3rd period - Shot Blocked by Ole-Kristian Tollefsen.
12:35 of 3rd period - Slapshot by Rasmus Ristolainen.
12:35 of 3rd period - Deflect By Brandon Sutter.
12:35 of 3rd period - Stopped by Robin Lehner with a rebound.
12:48 of 3rd period - Penalty to Pavel Buchnevich is over, Pavel Buchnevich is back on ice.
14:18 of 3rd period - Penalty to Frans Nielsen is over, Frans Nielsen is back on ice.
15:05 of 3rd period - Darnell Nurse is hit by Kellan Lain.
16:36 of 3rd period - Chuck Kobasew is hit by Taylor Hall and loses puck.
17:24 of 3rd period - Phil Kessel is hit by Carson Mcmillan and loses puck.
18:06 of 3rd period - Marko Dano is hit by Kevin Porter and loses puck.
18:11 of 3rd period - Slapshot by Nikolai Kulemin.
18:11 of 3rd period - Stopped by Robin Lehner without a rebound.
18:12 of 3rd period - Kevin Porter wins face-off versus David Krejci in Red Wings zone.
18:37 of 3rd period - Darroll Powe is hit by Adam Larsson and loses puck.
19:10 of 3rd period - Red Wings, Robin Lehner is pulled from the net.
19:10 of 3rd period - Slapshot by Ryan O'Byrne.
19:10 of 3rd period - Stopped by James Reimer with a rebound.
19:12 of 3rd period - Slapshot by Petr Pohl.
19:12 of 3rd period - Shot Misses the Net.
19:14 of 3rd period - Wrist shot by Chuck Kobasew.
19:14 of 3rd period - Stopped by James Reimer with a rebound.
19:16 of 3rd period - Slapshot by Ryan O'Byrne.
19:16 of 3rd period - Stopped by James Reimer without a rebound.
19:17 of 3rd period - Terry Murray call a timeout for Red Wings.
19:17 of 3rd period - Henrik Zetterberg wins face-off versus Mike Richards in Oilers zone.
19:17 of 3rd period - Henrik Zetterberg is hit by Marko Dano.
19:45 of 3rd period - Slapshot by Taylor Hall.
19:45 of 3rd period - Shot Misses the Net.
19:47 of 3rd period - Snap shot by Henrik Zetterberg.
19:47 of 3rd period - Goal by Henrik Zetterberg - Red Wings : 3 - Oilers : 5.
19:47 of 3rd period - Robin Lehner from Red Wings was sent back in the game.
19:48 of 3rd period - David Krejci wins face-off versus Connor McDavid in neutral zone.
19:50 of 3rd period - Minor Penalty to Philip Samuelsson for Interference.
19:51 of 3rd period - Connor McDavid wins face-off versus Darroll Powe in Red Wings zone.
19:51 of 3rd period - Wrist shot by Taylor Hall.
19:51 of 3rd period - Stopped by Robin Lehner without a rebound.
19:52 of 3rd period - Darroll Powe wins face-off versus Connor McDavid in Red Wings zone.
Goals for this period are 1 for Red Wings vs 3 for Oilers.
Shots for this period are 9 for Red Wings vs 13 for Oilers.